 Dungeon Crawl Stone Soup version 0.29-a0-824-gd827844252 (webtiles) character file.

Game seed: 12952834932098310359

1645 HoaS the Skirmisher (level 8, -5/44 HPs)
             Began as a Gargoyle Hunter on July 9, 2022.
             Was a Believer of Okawaru.
             Slain by Duvessa
             ... wielding a +0 rapier
              (13 damage)
             ... on level 6 of the Dungeon.
             The game lasted 00:10:14 (6116 turns).

HoaS the Skirmisher (Gargoyle Hunter)               Turns: 6116, Time: 00:10:15

Health: -5/44      AC: 15    Str: 22    XL:     8   Next: 99%
Magic:  17/19      EV: 14    Int:  9    God:    Okawaru [**....]
Gold:   305        SH:  0    Dex: 19    Spells: 7/7 levels left

rFire   . . .      SeeInvis .   a - +5 shortbow
rCold   + . .      Faith    .   (shield currently unavailable)
rNeg    + . .      Spirit   .   l - +0 scale mail
rPois   ∞          Reflect  .   (no helmet)
rElec   +          Harm     .   d - +0 cloak
rCorr   .          Rampage  .   k - +0 pair of gloves
Will    .....                   (no boots)
Stlth   ++........              (no amulet)
HPRegen 0.14/turn               i - ring of the Lion {rC+ Will+ MP+9 Dex+4}
MPRegen 0.16/turn               n - +6 ring of strength

@: weak-willed, heroic
A: sickness immunity, AC +5, negative energy resistance 1, electricity
resistance, torment resistance 1, petrification resistance
a: Renounce Religion, Heroism


You were on level 6 of the Dungeon.
You worshipped Okawaru.
Okawaru was pleased with you.
You visited 2 branches of the dungeon, and saw 8 of its levels.

You collected 305 gold pieces.

Inventory:

Hand Weapons
 a - a +5 shortbow (weapon)
Armour
 c - a +0 leather armour
 d - a +0 cloak (worn)
 f - a +0 ring mail
 k - a +0 pair of gloves (worn)
 l - a +0 scale mail (worn)
Jewellery
 i - the ring of the Lion (left hand) {rC+ Will+ MP+9 Dex+4}
   (You found it on level 3 of the Dungeon)

   [ring of willpower]

   Dex:       It affects your dexterity (+4).
   rC:        It protects you from cold.
   MP:        It affects your magic capacity (+9).
   Will:      It increases your willpower.
 n - a +6 ring of strength (right hand)
Wands
 h - a wand of polymorph (12)
 p - a wand of flame (13)
Scrolls
 b - a scroll of immolation
 j - 3 scrolls of teleportation
 m - 2 scrolls of fear
 r - a scroll of poison
 s - a scroll of identify
Potions
 e - a potion of attraction
 g - 2 potions of curing
 o - a potion of resistance {unknown}


   Skills:
 - Level 2.1(7.1) Fighting
 * Level 11.4(16.4) Ranged Weapons
 - Level 1.5(6.5) Dodging
 - Level 1.1(6.1) Stealth
 - Level 3.0 Invocations


You had 7 spell levels left.
You didn't know any spells.
Your spell library contained the following spells:

 Spells                   Type           Power      Damage    Failure   Level
 Magic Dart               Conj           0%         1d3       69%         1
 Sting                    Tmut/Pois      0%         1d3       69%         1
 Poisonous Vapours        Pois/Air       0%         N/A       83%         2
 Searing Ray              Conj           0%         2d4       83%         2
 Mephitic Cloud           Conj/Pois/Air  0%         N/A       96%         3
 Stone Arrow              Conj/Erth      0%         3d7       96%         3
 Fulminant Prism          Conj/Hex       0%         3d6       100%        4
 Olgreb's Toxic Radiance  Pois           0%         N/A       100%        4
 Lehudib's Crystal Spear  Conj/Erth      0%         10d2      100%        8
 Call Imp                 Summ           Unusable   N/A       N/A         2
 Animate Armour           Summ/Erth      Unusable   N/A       N/A         4

Dungeon Overview and Level Annotations

Branches:
Dungeon (7/15)             Temple (1/1) D:4

Altars:
Ashenzari
Cheibriados
Dithmenos
Elyvilon
Fedhas
Gozag
Hepliaklqana
Nemelex Xobeh
Okawaru
Ru
Vehumet
Wu Jian
Xom
The Shining One

Shops:
D:3 [

Annotations:
D:6 Dowan, Duvessa


Innate Abilities, Weirdness & Mutations

You are immune to sickness and miasma.
Your stone body is resilient. (AC +5)
You are immune to poison.
You resist negative energy. (rN+)
You are resistant to electric shocks. (rElec)
You are resistant to unholy torment.
You are immune to petrification.


Message History

Unknown command.
Unknown command.
Done exploring.
Done exploring.
Done exploring.
(D) Dungeon (T) Temple
Where to? (Enter - D:6 @ (x,y), ? - help)
There is a stone staircase leading down here.
You climb downwards.
Duvessa shouts!
Dowan shouts!
The orc shouts!
The orc priest shouts!
You hear a shout! x2
Found a stone staircase leading up.
There is a stone staircase leading up here.
There are monsters nearby!
You shoot an arrow. The arrow hits Dowan!
Dowan is heavily wounded.
You hear a shout!
An orc comes into view. It is wielding a +0 short sword.
Dowan hits you but does no damage.
Duvessa drinks a potion.
Duvessa goes berserk!
You shoot an arrow. The arrow hits Dowan!
Dowan is almost dead.
The orc priest mumbles some strange prayers to Beogh against you.
Beogh smites you!
An orc comes into view. It is wielding a +0 hand axe.
Dowan hits you but does no damage. Duvessa barely misses you.
Duvessa hits you with a +0 rapier. Dowan hits you with a +0 dagger.
You climb upwards.
There is a stone staircase leading down here.
Dowan gestures at Duvessa while chanting.
Duvessa seems to speed up.
You gain the combat prowess of a mighty hero.
Duvessa hits you with a +0 rapier!
* * * LOW HITPOINT WARNING * * *
Dowan points at you and mumbles some strange words.
The puff of flame hits you.
* * * LOW HITPOINT WARNING * * *
Duvessa hits you with a +0 rapier!
You die...

...# #..##.#
...##### ##.##.#
.......### #..#.#
###......# ##.#.#
#......# #...# #
#......# ##..# #
#......# ##.e#
###......####..>##
...............e@#
###..............#
#..............# #
#..............# #
######.........# #
#.........# #
#.........# #
#.........# #######
#
#.........####.....#


You could see Duvessa (berserk, fast) and Dowan.

Vanquished Creatures
  Grinder (D:5)
  A yak (D:4)
  An ice beast (D:6)
  2 black bears
  2 ogres
  2 phantoms
  A bullfrog (D:4)
  A scorpion (D:5)
  The ghost of nogbad the Trooper, a weakling HOFi of Beogh (D:3)
  A jelly (D:4)
  4 hounds
  2 iguanas
  3 orc wizards
  9 adders
  6 gnolls
  A white imp (D:6)
  3 ufetubi
  2 worms
  2 dart slugs (D:1)
  6 orcs
  9 ball pythons
  6 endoplasms
  3 giant cockroaches
  8 goblins
  12 hobgoblins
  6 jackals
  4 kobolds
  6 quokkas
  9 bats
  4 frilled lizards
  11 rats
129 creatures vanquished.

Notes
Turn   | Place    | Note
-------+----------+-------------------------------------------
     0 | D:1      | HoaS the Gargoyle Hunter began the quest for the Orb.
     0 | D:1      | Reached XP level 1. HP: 12/12 MP: 1/1
   100 | D:1      | Reached XP level 2. HP: 17/17 MP: 2/2
   254 | D:1      | Reached XP level 3. HP: 9/21 MP: 3/3
   503 | D:1      | Reached skill level 5 in Ranged Weapons
  1174 | D:2      | Reached XP level 4. HP: 26/26 MP: 4/4
  2134 | D:3      | Identified the ring of the Lion {rC+ Will+ MP+9 Dex+4}
  2244 | D:3      | Found an opulent altar of Gozag.
  2244 | D:3      | Found a sacrificial altar of Ru.
  2433 | D:3      | Found Archer's Antique Armour Boutique.
  2523 | D:3      | Found a runed translucent door.
  2571 | D:3      | Reached skill level 6 in Ranged Weapons
  2627 | D:3      | Noticed nogbad's ghost (weakling HOFi)
  2748 | D:3      | Reached XP level 5. HP: 28/30 MP: 5/5
  3060 | D:3      | HP: 1/30 [nogbad's ghost (3)]
  3061 | D:3      | Killed nogbad's ghost
  3382 | D:4      | Found a staircase to the Ecumenical Temple.
  3393 | Temple   | Entered the Ecumenical Temple
  3494 | Temple   | Became a worshipper of Warmaster Okawaru
  3661 | D:4      | Noticed a black bear
  3666 | D:4      | Killed a black bear
  3667 | D:4      | Reached skill level 7 in Ranged Weapons
  3667 | D:4      | Reached skill level 1 in Invocations
  3667 | D:4      | Reached XP level 6. HP: 35/35 MP: 7/7
  4031 | D:4      | Reached * piety under Okawaru
  4032 | D:4      | Reached XP level 7. HP: 24/40 MP: 9/9
  4220 | D:4      | Reached skill level 8 in Ranged Weapons
  4370 | D:5      | Entered Level 5 of the Dungeon
  4371 | D:5      | Noticed Grinder
  4910 | D:5      | Reached skill level 9 in Ranged Weapons
  4953 | D:5      | Reached XP level 8. HP: 40/44 MP: 10/10
  4958 | D:5      | Killed Grinder
  4958 | D:5      | Reached ** piety under Okawaru
  5026 | D:5      | Reached skill level 10 in Ranged Weapons
  5251 | D:5      | Noticed a yak
  5251 | D:5      | Noticed a yak
  5251 | D:5      | Noticed a yak
  5251 | D:5      | Noticed a yak
  5251 | D:5      | Noticed a yak
  5252 | D:5      | Noticed a yak
  5274 | D:4      | Killed a yak
  5313 | D:5      | HP: 2/44 [yak (10)]
  5611 | D:6      | Reached skill level 11 in Ranged Weapons
  6110 | D:7      | Noticed Duvessa
  6110 | D:7      | Noticed Dowan
  6116 | D:6      | Slain by Duvessa

Illustrated notes

Levels and vault maps discovered:
D:1:      roderic_chinese_lattice_arrival, layout_loops_ring,
          minmay_pentomino_w4
D:2:      layout_loops_corners, serial_rivers, chequers_serial_rivers_micro_b,
          chequers_serial_rivers_micro_e, chequers_serial_rivers_micro_b,
          chequers_serial_rivers_small_b, chequers_serial_rivers_large_b,
          chequers_serial_rivers_micro_a, grunt_ministairs_13
D:3:      layout_loops_corners, nicolae_overflow_two_pavilions,
          ebering_ghost_reflecting_pool, serial_shops, shop
D:4:      layout_basic, minmay_temple_entry_ruins, serial_bayou_pond_b,
          kennysheep_generic_room_14
D:5:      layout_loops_ring, kennysheep_generic_room_3, uniq_grinder
D:6:      layout_basic
D:7:      layout_basic, minitemple, uniq_crazy_yiuf_cottage, uniq_duvessa,
          uniq_joseph
Temple:   nicolae_temple_hex_pool

Skill      XL: |  1  2  3  4  5  6  7  8 |
---------------+-------------------------+-----
Ranged Weapons | 5 6 7 9 11 | 11.4
Invocations    | 1 2 3 |  3.0
Fighting       | |  2.1
Dodging        | |  1.5
Stealth        | |  1.1

Action                   |  1- 3 |  4- 6 |  7- 9 || total
-------------------------+-------+-------+-------++-------
 Fire: Shortbow          |    89 |   136 |   107 ||   332
Invok: Heroism           |       |       |     2 ||     2
  Use: Scroll            |     3 |     7 |     6 ||    16
       Potion            |       |     5 |     2 ||     7
Armor: Leather armour    |    15 |    15 |     7 ||    37
       Ring mail         |       |       |    15 ||    15
       Scale mail        |       |       |     2 ||     2
Dodge: Dodged            |    21 |    41 |    26 ||    88

Table legend: (Time is in decaauts)
 A = Elapsed time spent in this place.
 B = Non-inter-level travel time spent in this place.
 C = Inter-level travel time spent in this place.
 D = Time resting spent in this place.
 E = Time spent auto-exploring this place.
 F = Levels seen in this place.
 G = Mean time per level.
                   A        B        C        D        E       F      G
               +--------+--------+--------+--------+--------+-----+--------+
         Total |   6213 |   5904 |    309 |   1353 |   3778 |   8 |  776.6 |
       Dungeon |   6098 |   5830 |    268 |   1353 |   3716 |   7 |  871.1 |
        Temple |    114 |     73 |     41 |      0 |     62 |   1 |  114.0 |
               +--------+--------+--------+--------+--------+-----+--------+

Top non-repeatable levels by time:
     D:4: 1572 daAuts
     D:3: 1257 daAuts
     D:2: 1226 daAuts
     D:1: 948 daAuts
     D:6: 599 daAuts
     D:5: 489 daAuts
  Temple: 114 daAuts
     D:7: 3 daAuts
